 Dungeon Crawl Stone Soup version 0.28.0-45-g0d030f2227 (webtiles) character file.

Game seed: 831439007932521581

72 MalarOregon the Skirmisher (level 4, 0/37 HPs)
             Began as a Palentonga Fighter on Apr 19, 2022.
             Slain by a white imp (1 damage)
             ... summoned by Natasha
             ... on level 3 of the Dungeon.
             The game lasted 00:01:31 (1887 turns).

MalarOregon the Skirmisher (Palentonga Fighter)     Turns: 1887, Time: 00:01:32

Health: 0/37       AC:  6    Str: 27    XL:     4   Next: 6%
Magic:  4/4        EV:  7    Int:  8    God:
Gold:   113        SH:  4    Dex: 10    Spells: 3/3 levels left

rFire   . . .      SeeInvis +   a - +0 war axe
rCold   . . .      Faith    .   c - +0 buckler
rNeg    + . .      Spirit   .   b - +0 scale mail
rPois   .          Reflect  .   (no helmet)
rElec   .          Harm     .   (no cloak)
rCorr   .          Rampage  .   (no gloves)
Will    .....                   (no barding)
Stlth   ..........              (no amulet)
HPRegen 0.12/turn               f - ring of positive energy
MPRegen 0.09/turn               g - +6 ring of strength

@: mighty, slowed, very slow
A: large, rugged brown scales 3, see invisible, deformed body, roll 1, armoured
tail
a: Rolling Charge


You were on level 3 of the Dungeon.
You visited 1 branch of the dungeon, and saw 3 of its levels.

You collected 113 gold pieces.


Innate Abilities, Weirdness & Mutations

You are completely covered in rugged brown scales. (AC +3, +7% HP)
You have supernaturally acute eyesight. (SInv)
Armour fits poorly on your strangely shaped body.
You can roll at nearby foes to attack.
You have a long armoured tail.


   Skills:
 + Level 3.5 Fighting
 + Level 2.7 Axes
 + Level 2.9 Armour
 + Level 2.9 Shields


You had 3 spell levels left.
You didn't know any spells.
Your spell library was empty.

Inventory:

Hand Weapons
 a - a +0 war axe (weapon)
Missiles
 i - 5 poisoned darts
Armour
 b - a +0 scale mail (worn)
 c - a +0 buckler (worn)
 k - a +0 helmet
   (You found it on level 1 of the Dungeon)
Jewellery
 f - a ring of positive energy (left hand)
   (You found it on level 1 of the Dungeon)
 g - a +6 ring of strength (right hand)
   (You found it on level 1 of the Dungeon)
 t - a ring of fire
   (You found it on level 2 of the Dungeon)
Scrolls
 e - a scroll of brand weapon {unknown}
 h - 4 scrolls of teleportation {unknown}
 j - a scroll of magic mapping {unknown}
 l - 6 scrolls of identify {unknown}
 o - a scroll of enchant armour {unknown}
 q - a scroll of fog {unknown}
Potions
 m - 3 potions of heal wounds {unknown}
 n - 2 potions of curing {unknown}
 p - a potion of resistance {unknown}
 r - 2 potions of mutation {unknown}
 s - a potion of berserk rage {unknown}
 u - a potion of attraction {unknown}

Dungeon Overview and Level Annotations

Branches:
Dungeon (3/15)

Altars:

Annotations:
D:3 Natasha

#### ... ... .. ##.#
####### #..
##...#...##h# #
####.........#@# ..
.............5# ...
#####............# ....
#...............##.....
#......................
#.........#............
#............#.###.....
#......######>.# #....
#........# #.## #..≈


You could see Natasha (fast) and a white imp (summoned).


Message History

The bat barely misses you. x2; The frilled lizard barely misses you.
The bat closely misses you.
You barely miss the bat. You miss the frilled lizard.
The bat closely misses you.
The frilled lizard bites you but does no damage.
The frilled lizard barely misses you.
You barely miss the bat. You hit the frilled lizard.
You kill the frilled lizard!
The bat barely misses you. You block the bat's attack.
You barely miss the bat. The bat hits you but does no damage.
You closely miss the bat. The bat hits you.
The bat hits you but does no damage.
Found 8 gold pieces.
The bat hits you but does no damage. The bat closely misses you.
Items here: )) [ †††.
You hit the bat.
You kill the bat!
Things that are here:
a +0 club; a +0 leather armour No target in view!
Found a scroll labelled JOAXOUMAH.
No target in view!
You now have 89 gold pieces (gained 12).
No target in view!
h - 4 scrolls labelled JOAXOUMAH (gained 1) No target in view!
Found 16 gold pieces.
No target in view!
Found a glowing white potion.
You now have 97 gold pieces (gained 8).
No target in view!
No target in view!
You now have 113 gold pieces (gained 16).
No target in view!
u - a glowing white potion
l - 6 scrolls labelled POPLEDW ZUMPOS (gained 3)
Things that are here:
a +0 club; a +0 leather armour
There is a stone staircase leading down here.
Natasha, Servant of Life and Death comes into view.
Natasha hisses angrily.
Natasha drinks a potion.
Natasha seems to speed up.
You closely miss Natasha. Natasha barely misses you.
Natasha claws you but does no damage.
You slash Natasha!
Natasha stares at you and mumbles some strange words.
You resist with some effort.
Natasha stares at you and mumbles some strange words.
The magic dart hits you.
You closely miss Natasha.
Natasha growls.
Natasha claws you! Natasha claws you.
You barely miss Natasha.
Your tail-slap misses Natasha.
Natasha barely misses you. You block Natasha's attack.
You closely miss Natasha.
Your tail-slap misses Natasha.
Natasha barely misses you. Natasha closely misses you.
You closely miss Natasha.
Your tail-slap misses Natasha.
Natasha claws you!
* * * LOW HITPOINT WARNING * * *
Natasha casts a spell.
Natasha stares at you and mumbles some strange words.
You resist with some effort.
Unknown command.
You closely miss Natasha. You hit the white imp.
Natasha claws you but does no damage.
The white imp hits you but does no damage.
Natasha claws you but does no damage.
You barely miss Natasha. You slash the white imp! Natasha casts a spell at you.
You feel yourself slow down. The white imp hits you.
* * * LOW HITPOINT WARNING * * *
The white imp freezes you.
* * * LOW HITPOINT WARNING * * *
Natasha barely misses you.
Unknown command.
Unknown command.
You aren't carrying any items that you can evoke.
You feel very mighty all of a sudden. Natasha claws you but does no damage.
The white imp hits you but does no damage.
Natasha claws you.
* * * LOW HITPOINT WARNING * * *
The white imp laughs crazily.
The white imp hits you but does no damage.
Unknown command.
You slash Natasha! You barely miss the white imp. Natasha casts a spell at you.
You resist with some effort.
Natasha stares at you and mumbles some strange words.
The magic dart hits you.
* * * LOW HITPOINT WARNING * * *
The white imp barely misses you.
Natasha howls an incantation.
You feel troubled. Natasha casts a spell at you. The magic dart hits you.
* * * LOW HITPOINT WARNING * * *
The white imp hits you.
You die...

Action                   |  1- 3 |  4- 6 || total
-------------------------+-------+-------++-------
Melee: War axe           |   108 |    16 ||   124
       Tailslap          |    11 |     1 ||    12
  Use: Potion            |       |     1 ||     1
Armor: Scale mail        |    41 |    14 ||    55
Dodge: Dodged            |    54 |    14 ||    68
Block: Buckler           |    17 |     2 ||    19

Levels and vault maps discovered:
D:1:      lightli_arrival_flooded_house, layout_loops_ring
D:2:      layout_basic
D:3:      minmay_chambers_of_threes, layout_rooms,
          shapermc_ecumenical_altar_acropolis, nicolae_elevator_lobby_asterisk,
          uniq_jessica, uniq_natasha

Notes
Turn   | Place    | Note
-------+----------+-------------------------------------------
     0 | D:1      | MalarOregon the Palentonga Fighter began the quest for the
                  | Orb.
     0 | D:1      | Reached XP level 1. HP: 19/19 MP: 1/1
   181 | D:1      | Reached XP level 2. HP: 21/25 MP: 2/2
   546 | D:1      | Reached XP level 3. HP: 25/31 MP: 3/3
  1786 | D:3      | Reached XP level 4. HP: 34/37 MP: 4/4
  1875 | D:3      | Noticed Natasha
  1887 | D:3      | HP: 4/37 [Natasha/magic dart (6)]
  1887 | D:3      | HP: 1/37 [Natasha/magic dart (3)]
  1887 | D:3      | Slain by a white imp

Vanquished Creatures
  A gnoll (D:1)
  An adder (D:2)
  2 worms (D:2)
  A dart slug (D:1)
  3 orcs (D:3)
  3 ball pythons
  2 endoplasms
  A giant cockroach (D:1)
  6 hobgoblins
  5 jackals (D:1)
  6 bats
  4 frilled lizards
  4 goblins
  A kobold (D:1)
  2 rats
42 creatures vanquished.

Table legend:
 A = Non-vault XP
 B = Vault XP
 C = Vault XP percentage of total XP
 D = Non-vault monster count
 E = Vault monster count
 F = Vault count percentage of total count
                 A         B        C        D         E       F
            +---------+---------+-------+---------+---------+-------
      Total |     103 |       0 |   0.0 |      42 |       0 |   0.0
            +---------+---------+-------+---------+---------+-------
        D:1 |      49 |       0 |   0.0 |      22 |       0 |   0.0
        D:2 |      41 |       0 |   0.0 |      13 |       0 |   0.0
        D:3 |      13 |       0 |   0.0 |       7 |       0 |   0.0
            +---------+---------+-------+---------+---------+-------

Illustrated notes

Table legend:
 A = Kills in this place as a percentage of kills in entire the game.
 B = Kills by you in this place as a percentage of kills by you in the entire game.
 C = Kills by friends in this place as a percentage of kills by friends in the entire game.
 D = Other kills in this place as a percentage of other kills in the entire game.
 E = Experience gained in this place as a percentage of experience gained in the entire game.
 F = Experience gained in this place divided by the number of levels of this place that you have seen.
                   A       B       C       D       E      F
               +-------+-------+-------+-------+-------+----------------------
         Total | 100.0 | 100.0 |   N/A |   N/A | 100.0 |  34.3
       Dungeon | 100.0 | 100.0 |   N/A |   N/A | 100.0 |  34.3
               +-------+-------+-------+-------+-------+----------------------

Table legend: (Time is in decaauts)
 A = Elapsed time spent in this place.
 B = Non-inter-level travel time spent in this place.
 C = Inter-level travel time spent in this place.
 D = Time resting spent in this place.
 E = Time spent auto-exploring this place.
 F = Levels seen in this place.
 G = Mean time per level.
                   A        B        C        D        E       F      G
               +--------+--------+--------+--------+--------+-----+--------+
         Total |   1936 |   1908 |     28 |      0 |   1562 |   3 |  645.3 |
       Dungeon |   1936 |   1908 |     28 |      0 |   1562 |   3 |  645.3 |
               +--------+--------+--------+--------+--------+-----+--------+

Top non-repeatable levels by time:
     D:1: 935 daAuts
     D:2: 843 daAuts
     D:3: 157 daAuts
